 Dungeon Crawl Stone Soup version 0.19.1 (webtiles) character file.

59378 Necromancer the Slicer (level 14, -1/114 HPs)
             Began as a Demonspawn Necromancer on Nov 24, 2016.
             Was the Champion of Fedhas.
             Slain by a cyan ugly thing (14 damage)
             ... on level 12 of the Dungeon.
             The game lasted 01:20:40 (24229 turns).

Necromancer the Slicer (Demonspawn Necromancer)    Turns: 24229, Time: 01:20:42

Health: -1/114     AC:  7    Str: 19    XL:     14   Next: 53%
Magic:  0/23       EV: 23    Int: 20    God:    Fedhas [******]
Gold:   1037       SH:  0    Dex: 19    Spells: 5 memorised, 14 levels left

rFire  . . .     SeeInvis +     r - +8 short sword of Filunow {pierce, *Slow +Inv rN+ MR++}
rCold  + . .     Gourm    .     d - +2 robe {rC+}
rNeg   + . .     Faith    .     (no shield)
rPois  +         Spirit   +     (helmet restricted)
rElec  .         Reflect  .     h - +1 cloak
rCorr  .         Harm     .     (no gloves)
MR     +++..     Clarity  +     t - +0 pair of boots
Stlth  ++++++....               (no amulet)
                                a - +3 ring of evasion
                                X - +3 ring of strength

@: mighty
A: horns 2, thin skeletal structure 2, see invisible, clarity, clever 1, poison
resistance, powered by pain 3, evolution 1, magic shield
a: Fungal Bloom, Evolution, Sunlight, Growth, Reproduction, Rain, Renounce
Religion, Evoke Invisibility


You were on level 12 of the Dungeon.
You worshipped Fedhas.
Fedhas was exalted by your worship.
You were hungry.

You visited 2 branches of the dungeon, and saw 18 of its levels.
You also visited: Labyrinth.

You collected 1123 gold pieces.
You spent 86 gold pieces at shops.

Inventory:

Hand Weapons
 r - the +8 short sword of Filunow (weapon) {pierce, *Slow +Inv rN+ MR++}
   (You found it in a labyrinth)

   It inflicts extra damage upon your enemies.
   It protects you from negative energy.
   It affects your resistance to hostile enchantments.
   It lets you turn invisible.
   It may slow you when you take damage.
 H - a +0 blowgun
Missiles
 I - 19 curare-tipped needles
Armour
 d - a +2 robe of cold resistance (worn)
 h - a +1 cloak (worn)
 t - a +0 pair of boots (worn)
 J - the +3 leather armour of Inference {Str+3}
   (You found it on level 4 of the Lair of Beasts)

   It affects your strength (+3).
Magical Staves
 j - an uncursed staff of wizardry
Jewellery
 a - a +3 ring of evasion (right hand)
 u - an uncursed ring of protection from cold
 y - an uncursed ring of poison resistance
 M - an uncursed ring of see invisible
 Q - the ring of Daobum {Ice Str-3 Int+7 Dex+6}
   (You found it in a labyrinth)

   [ring of ice]

   It enhances your ice magic.
   It affects your strength (-3).
   It affects your intelligence (+7).
   It affects your dexterity (+6).
   It makes you vulnerable to fire.
   It protects you from cold.
 X - a +3 ring of strength (left hand)
Wands
 n - a wand of iceblast (10/15)
 z - a wand of disintegration (15/24)
 F - a wand of digging (23/24)
 G - a wand of random effects (32/48)
 N - a wand of confusion (29/48)
 O - a wand of paralysis (4/24)
 W - a wand of teleportation (6/9)
 Z - a wand of iceblast (4/15)
Scrolls
 i - 5 scrolls of identify
 k - 7 scrolls of remove curse
 m - a scroll of fog
 o - a scroll of teleportation
 p - 3 scrolls of recharging
 s - 3 scrolls of enchant armour
 E - 2 scrolls of blinking
 L - 3 scrolls of enchant weapon
 T - 2 scrolls of amnesia
 U - 2 scrolls of magic mapping
Potions
 c - a potion of invisibility
 e - 5 potions of flight
 q - 5 potions of magic
 w - 2 potions of berserk rage
 A - 5 potions of might
 P - a potion of agility
 R - a potion of heal wounds
 V - a potion of cancellation {unknown}
Books
 b - a book of Necromancy

   Spells                             Type                      Level
   a - Pain                           Necromancy                   1
   b - Animate Skeleton               Necromancy                   1
   c - Vampiric Draining              Necromancy                   3
   d - Regeneration                   Charms/Necromancy            3
   e - Animate Dead                   Necromancy                   4
   f - Control Undead                 Necromancy                   4
 f - a book of Debilitation

   Spells                             Type                      Level
   a - Corona                         Hexes                        1
   b - Slow                           Hexes                        2
   c - Gell's Gravitas                Hexes/Translocation          3
   d - Inner Flame                    Hexes/Fire                   3
   e - Cause Fear                     Hexes                        4
   f - Leda's Liquefaction            Hexes/Earth                  4
 B - a book of Minor Magic

   Spells                             Type                      Level
   a - Magic Dart                     Conjuration                  1
   b - Blink                          Translocation                2
   c - Call Imp                       Summoning                    2
   d - Repel Missiles                 Charms/Air                   2
   e - Slow                           Hexes                        2
   f - Conjure Flame                  Conjuration/Fire             3
   g - Mephitic Cloud                 Conjuration/Poison/Air       3
 D - a book of Dreams

   Spells                             Type                      Level
   a - Ensorcelled Hibernation        Hexes/Ice                    2
   b - Silence                        Hexes/Air                    5
   c - Darkness                       Hexes                        6
   d - Shadow Creatures               Summoning                    6
 S - a book of the Sky

   Spells                             Type                      Level
   a - Summon Lightning Spire         Summoning/Air                4
   b - Airstrike                      Air                          4
   c - Silence                        Hexes/Air                    5
   d - Deflect Missiles               Charms/Air                   6
   e - Conjure Ball Lightning         Conjuration/Air              6
   f - Tornado                        Air                          9
Comestibles
 g - 3 meat rations
 l - 3 beef jerkies
 v - 6 fruits
 x - 5 royal jellies
 C - 6 bread rations
 K - 8 slices of pizza


   Skills:
 - Level 11.7 Fighting
 - Level 12.3 Short Blades
 - Level 9.4 Dodging
 - Level 11.4 Stealth
 - Level 6.0 Spellcasting
 - Level 2.0 Charms
 - Level 5.2 Necromancy
 - Level 2.0 Translocations
 + Level 10.9 Invocations


You had 14 spell levels left.
You knew the following spells:

 Your Spells              Type           Power        Failure   Level  Hunger
a - Pain                  Necr           ####         1%          1    None
b - Vampiric Draining     Necr           ####......   4%          3    ##.....
c - Regeneration          Chrm/Necr      ###.......   10%         3    ##.....
d - Repel Missiles        Chrm/Air       ##....       12%         2    None
e - Blink                 Tloc           N/A          10%         2    None


Dungeon Overview and Level Annotations

Branches:
Dungeon (12/15)            Temple (0/1) D:7            Lair (6/6) D:9
 Shoals (0/4) Lair:4       Spider (0/4) Lair:2        Slime (0/5) Lair:5
    Orc (0/2) D:12

Altars:
Cheibriados
Fedhas
Hepliaklqana
Makhleb
Qazlal
Ru
Sif Muna
Uskayaw
Xom
Yredelemnul
The Shining One
Beogh

Shops:
D:8 *   D:10 [

Annotations:
D:4 Dowan


Innate Abilities, Weirdness & Mutations

You have a pair of horns on your head.
You have a moderately thin skeletal structure. (Dex +4, Stealth+)
You are powered by pain.
When hurt, damage is shared between your health and your magic reserves.
You have supernaturally acute eyesight. (SInv)
You possess an exceptional clarity of mind.
Your mind is acute. (Int +2)
Your system is resistant to poisons. (rPois)
You evolve.


Message History

The cyan ugly thing tail-slaps you but does no damage.
Casting: Vampiric Draining
Confirm with . or Enter, or press ? or * to list all spells.
You don't have enough magic to cast that spell.
Unknown command.
You completely miss the cyan ugly thing.
You headbutt the cyan ugly thing, but do no damage.
The cyan ugly thing is severely wounded.
The two-headed ogre hits you with a giant spiked club!!
* * * LOW HITPOINT WARNING * * *
You focus on the pain.
You feel very mighty all of a sudden. The two-headed ogre misses you.
You puncture the cyan ugly thing!
The cyan ugly thing is almost dead.
The cyan ugly thing tail-slaps you!
* * * LOW HITPOINT WARNING * * *
The cyan ugly thing shocks you!
You die...
Fedhas appreciates your contribution to the ecosystem.

. #.#.##............ ##.
#...####8'8#####8' #..
##.)## #......8....
#.###...# #...........
#.#...#.# #...⌠.._..⌠.
#...###.####...........
##..## #...##......>....
#####..#######K#############
...........u@OJ9y......
.####...########...#.#.
#..#.# .>..... ....##.#
y.....) #.#. ... ......#
#..# #.# .JJ...# #. ..#
...K..# .. .......


You could see a cyan ugly thing, a large slime creature, a two-headed ogre, a
gargoyle, a big kobold and a killer bee.

Vanquished Creatures
  Nessos (Lair:4)
  Snorg (Lair:5)
  A minotaur (Lab)
  Fannar (Lair:2)
  7 hydras
  Erica (D:10)
  2 catoblepae
  A deep troll shaman (Lair:6)
  5 death yaks (Lair:6)
  Nergalle (Lair:1)
  Sonja (Lair:3)
  4 hill giants
  A cyclops (D:11)
  The ghost of Andry07 the Fighter, a novice GrFi (D:5)
  A slime creature (D:12)
  6 elephants
  A black mamba (Lair:5)
  2 gargoyles (Lab)
  9 spiny frogs
  A wandering mushroom (Lair:6)
  6 rime drakes
  6 komodo dragons
  A jumping spider (Lair:2)
  A two-headed ogre (D:9)
  A troll (D:10)
  Grinder (D:4)
  3 polar bears
  A dream sheep (D:8)
  11 hippogriffs
  14 blink frogs
  A snapping turtle (Lair:4)
  4 shadows (Lab)
  Sigmund (D:3)
  5 redbacks
  A vampire (D:11)
  A wraith (Lair:4)
  28 yaks
  A human (D:9)
  A hog (Lair:5)
  3 basilisks
  3 vampire mosquitoes (D:12)
  2 hungry ghosts
  Grum (D:11)
  10 porcupines
  14 water moccasins
  Duvessa (D:4)
  13 orc warriors
  An eye of draining (D:8)
  7 ice beasts
  2 sky beasts
  2 phantoms
  4 black bears
  14 wolves
  5 centaurs
  11 crocodiles
  5 ogres
  5 big kobolds
  Blork the orc (D:4)
  14 bullfrogs
  A wyvern zombie (D:7)
  3 scorpions
  A wyvern skeleton (D:8)
  A water moccasin skeleton (D:4)
  7 killer bees
  11 wights
  9 howler monkeys
  An electric eel (Lair:3)
  9 crimson imps
  6 hounds
  5 jellies
  Crazy Yiuf (D:4)
  11 orc priests
  2 human skeletons (D:9)
  5 iguanas
  14 orc wizards
  8 worker ants
  A killer bee zombie (D:8)
  A hound zombie (D:6)
  2 hound skeletons
  A worker ant zombie (D:8)
  8 adders
  4 shadow imps
  An ooze (D:4)
  An adder zombie (D:5)
  4 adder skeletons
  A worm (D:4)
  4 dart slugs
  5 leopard geckos
  87 orcs
  2 ball pythons
  20 giant cockroaches
  A goblin (D:3)
  9 hobgoblins
  4 jackals
  4 quokkas
  3 bats
  A frilled lizard (D:3)
  2 jackal zombies (D:9)
  19 kobolds
  A leopard gecko skeleton (D:4)
  A quokka zombie (D:5)
  10 rats
  4 ballistomycetes (Lair:6)
  A hyperactive ballistomycete (Lair:6)
  2 toadstools
553 creatures vanquished.

Vanquished Creatures (collateral kills)
  Kirke (Lair:5)
  Josephine (Lair:4)
  3 hydras
  Urug (D:11)
  4 death yaks (Lair:6)
  A hill giant (D:11)
  Joseph (Lair:1)
  A slime creature (Lair:5)
  5 elephants
  2 black mambas (Lair:4)
  2 komodo dragons
  7 blink frogs
  A dream sheep (D:8)
  A wyvern (Lair:3)
  4 wraiths (Lair:4)
  6 yaks
  A hungry ghost (D:7)
  4 water moccasins
  2 wolves (Lair:1)
  A big kobold (D:8)
  A bullfrog (Lair:6)
  2 killer bees (D:10)
  A wight (D:8)
  5 crimson imps
  A quasit (D:5)
  An orc priest (D:8)
  A jelly (D:5)
  An iguana (D:6)
  A shadow imp (D:10)
  6 orcs
  A kobold (D:10)
  2 ballistomycete spores
  A hyperactive ballistomycete (Lair:6)
73 creatures vanquished.

Vanquished Creatures (others)
  6 oklob plants
  17 wandering mushrooms
  A black mamba (Lair:6)
  4 humans (Lair:5)
  A sky beast (D:7)
  A crocodile (Lair:6)
  13 ballistomycetes (Lair:6)
  7 ballistomycete spores (Lair:6)
  17 fungi
  17 plants
  515 toadstools
599 creatures vanquished.

Grand Total: 1225 creatures vanquished

Notes
Turn   | Place    | Note
-------+----------+-------------------------------------------
     0 | D:1      | Necromancer the Demonspawn Necromancer began the quest for the Orb.
     0 | D:1      | Reached XP level 1. HP: 13/13 MP: 3/3
   215 | D:1      | Found a snail-covered altar of Cheibriados.
   539 | D:1      | Gained mutation: You have a pair of small horns on your head. [demonic ancestry]
   539 | D:1      | Reached XP level 2. HP: 16/19 MP: 0/5
  1190 | D:2      | Found a faded altar of an unknown god.
  1222 | D:2      | Became a worshipper of Fedhas Madash
  1222 | D:2      | Reached * piety under Fedhas
  1248 | D:2      | Reached skill level 5 in Necromancy
  1248 | D:2      | Gained mutation: You have a pair of horns on your head. [demonic ancestry]
  1248 | D:2      | Reached XP level 3. HP: 21/24 MP: 2/7
  1733 | D:2      | Found a shimmering altar of Xom.
  1944 | D:3      | Reached skill level 1 in Invocations
  1961 | D:3      | Reached XP level 4. HP: 23/30 MP: 1/8
  2278 | D:3      | Learned a level 3 spell: Vampiric Draining
  2282 | D:3      | Learned a level 3 spell: Regeneration
  2632 | D:3      | Noticed Sigmund
  2640 | D:3      | Killed Sigmund
  2640 | D:3      | Gained mutation: You have a somewhat thin skeletal structure. (Dex +2, Stealth) [demonic ancestry]
  2640 | D:3      | Reached XP level 5. HP: 24/40 MP: 0/9
  3246 | D:4      | Reached XP level 6. HP: 10/47 MP: 10/10
  3500 | D:4      | Noticed Blork the orc
  3517 | D:4      | Killed Blork the orc
  3517 | D:4      | Reached skill level 5 in Invocations
  3791 | D:4      | Found a deep blue altar of Sif Muna.
  3791 | D:4      | Found a hazy altar of Hepliaklqana.
  3840 | D:4      | Found a stormy altar of Qazlal.
  3841 | D:4      | Found a glowing golden altar of the Shining One.
  3841 | D:4      | Found a hide-covered altar of Uskayaw.
  3917 | D:4      | Found a sacrificial altar of Ru.
  3939 | D:4      | Gained mutation: You have a moderately thin skeletal structure. (Dex +4, Stealth+) [demonic ancestry]
  3939 | D:4      | Reached XP level 7. HP: 35/54 MP: 0/11
  4314 | D:4      | Reached ** piety under Fedhas
  4435 | D:4      | Reached skill level 5 in Fighting
  4477 | D:4      | Noticed Dowan
  4857 | D:4      | Noticed Grinder
  4895 | D:4      | Killed Grinder
  5039 | D:4      | Found a runed door.
  5043 | D:4      | Noticed Crazy Yiuf
  5050 | D:4      | Killed Crazy Yiuf
  5050 | D:4      | Gained mutation: You sometimes gain a little power by taking damage. [demonic ancestry]
  5050 | D:4      | Reached XP level 8. HP: 33/64 MP: 9/13
  5366 | D:5      | Entered Level 5 of the Dungeon
  5371 | D:5      | Noticed Andry07's ghost (novice GrFi)
  5617 | D:4      | Noticed Duvessa
  5627 | D:4      | Killed Duvessa
  5725 | D:5      | Killed Andry07's ghost
  5894 | D:5      | Reached skill level 1 in Short Blades
  6039 | D:5      | Reached skill level 2 in Short Blades
  6272 | D:5      | Found a blossoming altar of Fedhas.
  6374 | D:5      | Reached skill level 3 in Short Blades
  6995 | D:6      | Reached skill level 4 in Short Blades
  7096 | D:6      | Reached XP level 9. HP: 51/71 MP: 15/15
  7496 | D:6      | Reached skill level 5 in Short Blades
  7750 | D:6      | Reached skill level 6 in Short Blades
  7900 | D:7      | Learned a level 2 spell: Repel Missiles
  7903 | D:7      | Learned a level 2 spell: Blink
  7934 | D:7      | Found a staircase to the Ecumenical Temple.
  8020 | D:7      | Reached skill level 7 in Short Blades
  8911 | D:7      | Reached skill level 8 in Short Blades
  9652 | D:8      | Reached skill level 9 in Short Blades
  9652 | D:8      | Gained mutation: When hurt, damage is shared between your health and your magic reserves. [demonic ancestry]
  9652 | D:8      | Reached XP level 10. HP: 57/77 MP: 0/16
  9711 | D:8      | Reached *** piety under Fedhas
  9733 | D:8      | Found Ganoor's Serpentskin Sales.
  9744 | D:8      | Bought a +0 blowgun for 32 gold pieces
  9744 | D:8      | Bought 7 curare-tipped needles for 54 gold pieces
 10265 | D:8      | Reached skill level 10 in Short Blades
 10308 | D:8      | Noticed a three-headed hydra
 10412 | D:8      | Killed a three-headed hydra
 10473 | D:8      | Reached skill level 11 in Short Blades
 10698 | D:8      | HP: 1/77 [orc/flail (7)]
 10700 | D:8      | Gained mutation: You have supernaturally acute eyesight. (SInv) [potion of mutation]
 10700 | D:8      | Gained mutation: You evolve. [potion of mutation]
 11415 | D:9      | Found a runed door.
 11416 | D:9      | Found a basalt altar of Yredelemnul.
 11510 | D:9      | Reached **** piety under Fedhas
 11743 | D:9      | Reached skill level 12 in Short Blades
 11751 | D:9      | Gained mutation: You sometimes gain power by taking damage. [demonic ancestry]
 11751 | D:9      | Reached XP level 11. HP: 33/83 MP: 2/17
 12297 | D:9      | Found a staircase to the Lair.
 12356 | D:10     | Entered Level 10 of the Dungeon
 12520 | D:10     | Noticed Erica
 12531 | D:10     | Killed Erica
 12593 | D:10     | Found Ykutsog's Antique Armour Emporium.
 12636 | D:10     | Reached ***** piety under Fedhas
 12690 | D:10     | Noticed a hill giant
 12709 | D:10     | Killed a hill giant
 12779 | D:10     | Noticed a hill giant
 12785 | D:10     | Killed a hill giant
 12944 | D:10     | Gained mutation: Your mind is acute. (Int +2) [evolution]
 13045 | Lair:1   | Entered Level 1 of the Lair of Beasts
 13045 | Lair:1   | Noticed a seven-headed hydra
 13219 | Lair:1   | Killed a seven-headed hydra
 13219 | Lair:1   | Reached skill level 5 in Spellcasting
 13283 | Lair:1   | Reached skill level 5 in Stealth
 13422 | Lair:1   | Noticed Joseph
 13450 | Lair:1   | Killed Joseph
 13479 | Lair:1   | Noticed Nergalle
 13497 | Lair:1   | Killed Nergalle
 13497 | Lair:1   | Reached skill level 1 in Charms
 13497 | Lair:1   | Reached skill level 1 in Translocations
 14080 | Lair:2   | Found a labyrinth entrance.
 14084 | Lair:2   | Noticed Fannar
 14106 | Lair:2   | Killed Fannar
 14112 | Lab      | Entered a labyrinth
 14175 | Lab      | Gained mutation: You are powered by pain. [demonic ancestry]
 14175 | Lab      | Reached XP level 12. HP: 91/91 MP: 21/21
 14957 | Lab      | Noticed a minotaur
 14975 | Lab      | Killed a minotaur
 14979 | Lab      | Got a pitted platinum ring
 14979 | Lab      | Got a heavily runed lead ring
 14981 | Lab      | Identified the ring "Noost" {Ice +Fly Int+3} (You found it in a labyrinth)
 14984 | Lab      | Identified the ring of Daobum {Ice Str-3 Int+7 Dex+6} (You found it in a labyrinth)
 14987 | Lab      | Got a twisted short sword
 14988 | Lab      | Identified the +8 short sword of Filunow {pierce, *Slow +Inv rN+ MR++} (You found it in a labyrinth)
 15059 | Lair:2   | Found a hole to the Spider Nest.
 15541 | Lair:2   | Noticed an eight-headed hydra
 15548 | Lair:2   | Killed an eight-headed hydra
 16127 | Lair:2   | Reached skill level 5 in Dodging
 16375 | Lair:3   | Noticed Sonja
 16391 | Lair:3   | Killed Sonja
 17394 | Lair:4   | Reached XP level 13. HP: 29/101 MP: 7/22
 17704 | Lair:4   | Noticed Josephine
 17724 | Lair:4   | Killed Josephine
 17774 | Lair:4   | You fall through a shaft!
 17783 | Lair:5   | Noticed Kirke
 17791 | Lair:5   | Noticed a sphinx
 17794 | Lair:5   | Noticed Snorg
 17800 | Lair:5   | Killed Kirke
 17803 | Lair:5   | Found a burning altar of Makhleb.
 17807 | Lair:5   | Killed Snorg
 17904 | Lair:5   | Reached skill level 10 in Fighting
 18234 | Lair:5   | Found a staircase to the Slime Pits.
 18903 | Lair:4   | Noticed Nessos
 18927 | Lair:4   | Killed Nessos
 19133 | Lair:4   | Reached skill level 10 in Stealth
 19331 | Lair:4   | Got a polished leather armour
 19342 | Lair:4   | Identified the +3 leather armour of Inference {Str+3} (You found it on level 4 of the Lair of Beasts)
 19658 | Lair:4   | Found a staircase to the Shoals.
 19826 | Lair:6   | Entered Level 6 of the Lair of Beasts
 20555 | Lair:6   | Reached XP level 14. HP: 77/113 MP: 13/23
 21345 | Lair:6   | Gained mutation: Your system is resistant to poisons. (rPois) [evolution]
 21431 | Lair:6   | Got a crystal hand crossbow
 21432 | Lair:6   | Identified the +5 hand crossbow of Red Wine {elec, *Drain +Fly MR+} (You found it on level 6 of the Lair of Beasts)
 22203 | Lair:6   | Found a hide-covered altar of Uskayaw.
 22798 | D:11     | Noticed Grum
 22810 | D:11     | Killed Grum
 23018 | D:11     | Noticed Urug
 23424 | D:11     | Killed Urug
 23424 | D:11     | Reached skill level 10 in Invocations
 23666 | D:12     | Reached ****** piety under Fedhas
 23974 | D:12     | Found a staircase to the Orcish Mines.
 23975 | D:12     | Found a roughly hewn altar of Beogh.
 24169 | D:12     | Gained mutation: You possess an exceptional clarity of mind. [potion of beneficial mutation]
 24229 | D:12     | Slain by a cyan ugly thing

Skill      XL: |  1  2  3  4  5  6  7  8  9 10 11 12 13 14 |
---------------+-------------------------------------------+-----
Necromancy     | 5 |  5.2
Spellcasting   | 3 6 |  6.0
Invocations    | 1 4 5 7 9 10 | 10.9
Fighting       | 2 3 4 5 6 7 9 11 | 11.7
Short Blades   | 4 9 12 | 12.3
Stealth        | 6 8 10 11 | 11.4
Charms         | 2 |  2.0
Translocations | 2 |  2.0
Dodging        | 2 6 8 9 |  9.4

Action                   |  1- 3 |  4- 6 |  7- 9 | 10-12 | 13-15 || total
-------------------------+-------+-------+-------+-------+-------++-------
Melee: Dagger            |     6 |    47 |    93 |       |       ||   146
       Headbutt          |     1 |     8 |   113 |   207 |   177 ||   506
       Short sword       |       |       |   370 |   888 |   740 ||  1998
 Fire: Blowgun           |       |       |       |     2 |       ||     2
 Cast: Pain              |    66 |    65 |    30 |     5 |       ||   166
       Vampiric Draining |       |     4 |    17 |    23 |     3 ||    47
       Repel Missiles    |       |       |     1 |       |       ||     1
       Regeneration      |       |       |       |     3 |     2 ||     5
Invok: Fungal Bloom      |       |     4 |    23 |    63 |    41 ||   131
       Evolution         |       |       |     3 |     9 |    18 ||    30
       Reproduction      |       |       |       |     1 |     2 ||     3
       Growth            |       |       |       |       |     1 ||     1
Evoke: Wand              |       |       |     6 |    16 |     6 ||    28
  Use: Scroll            |     2 |     7 |     1 |    11 |     3 ||    24
       Potion            |       |     6 |     2 |     9 |     4 ||    21
 Stab: Sleeping          |       |       |    13 |    23 |    22 ||    58
       Confused          |       |       |     1 |    11 |     4 ||    16
       Distracted        |       |       |       |     3 |     9 ||    12
       Paralysed         |       |       |       |     4 |     1 ||     5
  Eat: Chunk             |     3 |     3 |     1 |     6 |     4 ||    17
       Bread ration      |       |     1 |     3 |       |       ||     4
       Meat ration       |       |       |     1 |     5 |     4 ||    10
Armor: Robe              |     2 |    18 |   100 |    92 |    55 ||   267
       Troll leather arm |       |       |       |    31 |       ||    31
Dodge: Dodged            |     9 |    43 |   230 |   341 |   434 ||  1057
       Deflected         |       |       |     2 |       |       ||     2
